 Dungeon Crawl Stone Soup version 0.32-a0-876-gcfddb08e57 (webtiles) character file.

Game seed: 4638503165392846005

200 rvierbuc the Ducker (level 5, -5/41 HPs)
             Began as a Demonspawn Gladiator on Apr 1, 2024.
             Slain by an ogre
             ... wielding a +0 giant club
              (22 damage)
             ... on level 5 of the Dungeon.
             The game lasted 00:08:55 (2638 turns).

rvierbuc the Ducker (Demonspawn Gladiator)          Turns: 2638, Time: 00:08:56

Health: -5/41      AC: 13    Str: 17    XL:     5   Next: 49%
Magic:  5/5        EV:  4    Int:  8    God:
Gold:   155        SH:  4    Dex: 14    Spells: 4/4 levels left

rFire   . . .        a - +0 trident
rCold   . . .        o - +0 buckler
rNeg    . . .        m - +0 plate armour
rPois   .            c - +0 helmet
rElec   .            (no cloak)
rCorr   .            (no gloves)
SInv    .            (no boots)
Will    .....        (no amulet) Stlth
                     (no ring)
HPRegen 0.26/turn    (no ring)
MPRegen 0.09/turn

%: no passive effects
@: no status effects
A: molten scales 1, ignite blood 2
a: no special abilities


You were on level 5 of the Dungeon.
You visited 1 branch of the dungeon, and saw 5 of its levels.

You collected 155 gold pieces.

Inventory:

Hand Weapons
 a - a +0 trident (weapon)
Missiles
 d - 3 throwing nets (quivered)
 e - 7 javelins
Armour
 b - a +0 leather armour
 c - a +0 helmet (worn)
 l - a +0 ring mail
 m - a +0 plate armour (worn)
 o - a +0 buckler (worn)
 x - a +0 leather armour
Talismans
 r - a blade talisman
Scrolls
 f - 2 scrolls of butterflies {unknown}
 g - a scroll of teleportation {unknown}
 h - 7 scrolls of identify {unknown}
 k - 5 scrolls of amnesia {unknown}
 p - a scroll of poison {unknown}
 s - a scroll of noise {unknown}
 t - a scroll of fear {unknown}
 u - a scroll of enchant armour {unknown}
 v - 2 scrolls of blinking {unknown}
 y - a scroll of vulnerability {unknown}
 z - a scroll of revelation {unknown}
Potions
 i - 3 potions of curing {unknown}
 j - 2 potions of lignification {unknown}
 n - 2 potions of haste {unknown}
 q - a potion of heal wounds {unknown}
 w - 2 potions of resistance {unknown}
 A - a potion of attraction {unknown}


   Skills:
 + Level 3.3 Fighting
 + Level 3.6 Polearms
 + Level 3.0 Throwing
 + Level 3.6 Dodging


You had 4 spell levels left.
You didn't know any spells.
Your spell library contained the following spells:

 Spells                   Type           Power      Damage    Failure   Level
 Lesser Beckoning         Tloc           0%         N/A       100%        2
 Teleport Other           Tloc           0%         N/A       100%        3
 Maxwell's Portable Pile  Tloc           0%         2d(5-10)  100%        4


Dungeon Overview and Level Annotations

Branches:
Dungeon (5/15)
 Temple: D:4-7

Altars:
Ru
Uskayaw


Innate Abilities, Weirdness & Mutations

You are partially covered in molten scales. (AC +2)
Your demonic aura often causes spilled blood to erupt in flames.


Message History

Done exploring.
Done exploring.
Done exploring.
There is a stone staircase leading down here.
You climb downwards.
Found 9 gold pieces.
There is a stone staircase leading up here.
An ice beast is nearby!
You climb upwards.
There is a stone staircase leading down here.
There is a stone staircase leading down here.
You climb downwards.
There is a stone staircase leading up here.
Found a trident.
Found a stone staircase leading down.
Found a stone staircase leading down.
Found a scroll labelled TUT BALASI.
You now have 155 gold pieces (gained 11).
An ogre comes into view. It is wielding a +0 giant club.
You see here a scroll labelled TUT BALASI.
h - 7 scrolls labelled TUT BALASI (gained 1)
The ogre shouts!
You hit the ogre.
The ogre is lightly wounded.
You block the ogre's attack.
You hit the ogre.
The ogre is moderately wounded.
You block the ogre's attack.
You barely miss the ogre.
The ogre is moderately wounded.
The ogre hits you with a +0 giant club!
You barely miss the ogre.
The ogre is moderately wounded.
You hit the ogre.
The ogre is heavily wounded.
The ogre hits you with a +0 giant club!
You hit the ogre.
The ogre is heavily wounded.
The ogre hits you with a +0 giant club!!
Ouch! That really hurt!
You die...

## ## #.. .. #.#
####.## #.#
....... ###.##
#.......
#....#.#.###.##
#######.#..#.#.#
#..O@....>.....#
#.#####.#..#.###
#.#..#>#####
#.#.........
#.##.#.#####
#.##.#.#
#.##.#.#
#.##.#.########
#.##)..........


You could see an ogre.

Vanquished Creatures
  A hound (D:4)
  An iguana (D:4)
  A sleepcap (D:4)
  An orc wizard (D:4)
  3 adders
  A dart slug (D:1)
  3 ribbon worms (D:2)
  4 orcs
  7 endoplasms
  6 giant cockroaches
  6 goblins
  4 hobgoblins (D:1)
  A quokka (D:4)
  4 ball pythons (D:1)
  7 bats
  3 kobolds
  A rat (D:1)
54 creatures vanquished.

Notes
Turn   | Place    | Note
-------+----------+-------------------------------------------
     0 | D:1      | rvierbuc the Demonspawn Gladiator began the quest for the
                  | Orb.
     0 | D:1      | Reached XP level 1. HP: 16/16 MP: 1/1
   115 | D:1      | Gained mutation: Your demonic aura sometimes causes spilled
                  | blood to erupt in flames. [demonic ancestry]
   115 | D:1      | Reached XP level 2. HP: 22/22 MP: 2/2
   634 | D:1      | Gained mutation: You are partially covered in molten
                  | scales. (AC +2) [demonic ancestry]
   634 | D:1      | Reached XP level 3. HP: 28/28 MP: 3/3
   847 | D:2      | Found a hide-covered altar of Uskayaw.
  1038 | D:2      | Found a faded altar of an unknown god.
  1524 | D:3      | Reached XP level 4. HP: 34/34 MP: 4/4
  1567 | D:3      | Noticed an ice beast
  1755 | D:4      | Gained mutation: Your demonic aura often causes spilled
                  | blood to erupt in flames. [demonic ancestry]
  1755 | D:4      | Reached XP level 5. HP: 4/41 MP: 5/5
  1905 | D:4      | Found a sacrificial altar of Ru.
  1921 | D:4      | Found a hide-covered altar of Uskayaw.
  2585 | D:5      | Entered Level 5 of the Dungeon
  2585 | D:5      | Noticed an ice beast
  2630 | D:5      | Noticed an ogre
  2638 | D:5      | Slain by an ogre

Illustrated notes

Levels and vault maps discovered:
D:1:      heliophobic_arrival_ceremonial_halls, layout_loops_ring, st_stairs_2,
          minmay_tetromino_i2
D:2:      layout_basic, basic_altar, ebering_ecumenical_altar_webs
D:3:      layout_basic, feat_on_display
D:4:      layout_loops_cross, mainiacjoe_overflow_large_starburst
D:5:      layout_loops_ring

Skill      XL: |  1  2  3  4  5 |
---------------+----------------+-----
Throwing       | 2 3 |  3.0
Dodging        | 3 |  3.6
Polearms       | 3 |  3.6
Fighting       | 3 |  3.3

Action                     |  1- 3 |  4- 6 || total
---------------------------+-------+-------++-------
  Melee: Trident           |   125 |    85 ||   210
 Armour: Leather armour    |    17 |       ||    17
         Plate armour      |    64 |    64 ||   128
  Dodge: Dodged            |    38 |    16 ||    54
  Block: Buckler           |     6 |     9 ||    15

Table legend: (Time is in decaauts)
 A = Elapsed time spent in this place.
 B = Non-inter-level travel time spent in this place.
 C = Inter-level travel time spent in this place.
 D = Time resting spent in this place.
 E = Time spent auto-exploring this place.
 F = Levels seen in this place.
 G = Mean time per level.
                   A        B        C        D        E       F      G
               +--------+--------+--------+--------+--------+-----+--------+
         Total |   2673 |   2570 |    103 |    121 |   1881 |   5 |  534.6 |
       Dungeon |   2673 |   2570 |    103 |    121 |   1881 |   5 |  534.6 |
               +--------+--------+--------+--------+--------+-----+--------+

Top non-repeatable levels by time:
     D:4: 1030 daAuts
     D:1: 808 daAuts
     D:2: 576 daAuts
     D:3: 219 daAuts
     D:5: 38 daAuts
